 Dungeon Sprint DCSS version 0.27-a0-1193-g8631133539 (webtiles) character file.

Game seed: 4303131451012994646

345014 rocky1 the Conqueror (level 23, 0/219 HPs)
             Began as a Formicid Fighter on May 26, 2021.
             Was the Champion of Cheibriados.
             Killed by the air
             ... invoked by a titan
              (16 damage)
             ... in the Dungeon (Sprint VII: "The Pits").
             The game lasted 01:21:34 (15577 turns).

rocky1 the Conqueror (Formicid Fighter)            Turns: 15577, Time: 01:21:35

Health: 0/219      AC: 62    Str: 41    XL:     23   Next: 9%
Magic:  0/38       EV: 29    Int: 25    God:    Cheibriados [******]
Gold:   346        SH: 35    Dex: 20    Spells: 43/43 levels left

rFire    + + +     SeeInvis +   W - +2 triple sword (holy)
rCold    + + +     Faith    .   r - +4 tower shield {reflect}
rNeg     + . .     Spirit   +   p - +14 gold dragon scales
rPois    +         Reflect  +   (helmet unavailable)
rElec    +         Harm     .   L - +1 cloak of Starlight {*Dazzle EV+4 Stlth--}
rCorr    .         Rampage  .   y - +4 pair of gloves
Will     +++..                  q - +4 pair of boots
Stlth    ..........             G - amulet of Weboywoh {Spirit rF+++ Dex-5 Slay+4 Stlth-}
HPRegen  0.46/turn              I - ring "Fyol" {Fly rC+++ Will+ AC+6 Dex-3}
MPRegen  0.26/turn              E - ring of Xom's Ringing Laughter {Ice rElec rN+}

@: flying, studying Hexes, very slow
A: permanent stasis, dig shafts and tunnels, antennae 3, four strong arms
}: 2/3 runes: silver, golden
a: Dig, Renounce Religion, Bend Time, Temporal Distortion, Slouch, Step From
Time


You were in the Dungeon.
You worshipped Cheibriados.
Cheibriados was exalted by your worship.
You visited 1 branch You collected 346 gold pieces.

Inventory:

Hand Weapons
 h - a +7 vorpal triple crossbow
 l - a +7 executioner's axe of freezing
 m - a +3 vampiric demon whip
 s - the +10 hand crossbow of Big Damage {penet, rElec rN+ rCorr Int-4}
   (You found it in the Dungeon)

   Ammo fired by it passes through the targets it hits, potentially hitting all
   targets in its path until it reaches maximum range.
   It affects your intelligence (-4).
   It insulates you from electricity.
   It protects you from negative energy.
   It protects you from acid and corrosion.
 w - a +7 antimagic war axe
 A - a +2 vampiric lajatang
 Q - the +7 sceptre of Asmodeus
   (You took it off Asmodeus in the Dungeon)
 W - a +2 triple sword of holy wrath (weapon)
Missiles
 b - 325 bolts
 D - 8 javelins (quivered)
Armour
 p - +14 gold dragon scales (worn)
 q - a +4 pair of boots (worn)
 r - a +4 tower shield of reflection (worn)
 y - a +4 pair of gloves (worn)
 L - the +1 cloak of Starlight (worn) {*Dazzle EV+4 Stlth--}
   (You found it in the Dungeon)

   It affects your evasion (+4).
   It makes you much less stealthy.
 N - the +4 dragonskin cloak
   (You took it off Tiamat in the Dungeon)
Jewellery
 d - a +4 ring of slaying
 n - a ring of flight
 t - the ring of Zaicatt {*Corrode rPois rF+ Dex+6}
   (You found it in the Dungeon)

   [ring of dexterity]

   It affects your dexterity (+6).
   It protects you from fire.
   It protects you from poison.
   It may corrode you when you take damage.
 E - the ring of Xom's Ringing Laughter (right hand) {Ice rElec rN+}
   (You found it in the Dungeon)

   [ring of ice]

   It enhances your ice magic.
   It makes you vulnerable to fire.
   It protects you from cold.
   It insulates you from electricity.
   It protects you from negative energy.
 F - a ring of wizardry
 G - the amulet of Weboywoh (around neck) {Spirit rF+++ Dex-5 Slay+4 Stlth-}
   (You found it in the Dungeon)

   [amulet of guardian spirit]

   It causes incoming damage to be divided between your reserves of health and
   magic.
   It affects your dexterity (-5).
   It affects your accuracy and damage with ranged weapons and melee attacks
   (+4).
   It renders you almost immune to fire.
   It makes you less stealthy.
 H - a ring of poison resistance
 I - the ring "Fyol" (left hand) {Fly rC+++ Will+ AC+6 Dex-3}
   (You found it in the Dungeon)

   [ring of protection]

   It affects your AC (+6).
   It affects your dexterity (-3).
   It renders you almost immune to cold.
   It grants you flight.
   It increases your willpower.
 J - a ring of magical power
 K - the amulet of Matz {RegenMP rF+ rN+ Int+4}
   (You found it in the Dungeon)

   [amulet of magic regeneration]

   It increases your rate of magic regeneration.
   It affects your intelligence (+4).
   It protects you from fire.
   It protects you from negative energy.
 M - the ring of Igeiredee {Will+ MP+9}
   (You found it in the Dungeon)

   [ring of magical power]

   It affects your magic capacity (+9).
   It increases your willpower.
 O - the ring of Lytt {Fly Dex+3}
   (You found it in the Dungeon)

   [ring of flight]

   It affects your dexterity (+3).
   It grants you flight.
 P - a ring of positive energy
 R - a +4 ring of slaying
 S - the amulet of Venubeut {rN+++ Regen+ rCorr Int-2 Stlth-}
   (You found it in the Dungeon)

   [amulet of regeneration]

   It affects your intelligence (-2).
   It renders you almost immune to negative energy.
   It increases your rate of health regeneration.
   It protects you from acid and corrosion.
   It makes you less stealthy.
Scrolls
 a - 11 scrolls of identify
 i - 7 scrolls of amnesia
 k - a scroll of holy word
 u - 2 scrolls of fear
 v - 5 scrolls of fog
 X - a scroll of silence
Potions
 c - 3 potions of attraction
 e - 7 potions of curing
 g - 2 potions of magic
 o - 6 potions of mutation
 x - 2 potions of brilliance
 z - 4 potions of resistance
 B - 3 potions of ambrosia
 C - 2 potions of might
Miscellaneous
 j - a phantom mirror
 T - a phial of floods
 U - a lightning rod (4/4)


   Skills:
 O Level 27 Fighting
 - Level 24.0 Long Blades
 O Level 27 Axes
 - Level 14.0 Staves
 + Level 25.7 Crossbows
 O Level 27 Armour
 O Level 27 Dodging
 - Level 20.6 Stealth
 O Level 27 Shields
 - Level 10.9 Spellcasting
 - Level 22.0 Invocations
 + Level 24.2 Evocations


You had 43 spell levels left.
You didn't know any spells.
Your spell library contained the following spells:

 Spells                   Type           Power      Damage    Failure   Level
 Animate Skeleton         Necr           26%        N/A       16%         1
 Apportation              Tloc           26%        N/A       16%         1
 Corona                   Hex            14%        N/A       16%         1
 Foxfire                  Conj/Fire      52%        2x1d6     16%         1
 Freeze                   Ice            80%        1d9       16%         1
 Sandblast                Erth           26%        2d8       16%         1
 Sting                    Tmut/Pois      52%        1d5       16%         1
 Summon Small Mammal      Summ           52%        N/A       16%         1
 Ensorcelled Hibernation  Hex/Ice        40%        N/A       24%         2
 Passwall                 Tmut/Erth      10%        N/A       24%         2
 Poisonous Vapours        Pois/Air       26%        N/A       24%         2
 Slow                     Hex            13%        N/A       24%         2
 Confusing Touch          Hex            13%        N/A       43%         3
 Conjure Flame            Conj/Fire      13%        6-21      43%         3
 Dazzling Flash           Conj/Hex       26%        N/A       43%         3
 Frozen Ramparts          Ice            40%        1d6       43%         3
 Inner Flame              Hex/Fire       13%        N/A       43%         3
 Lesser Beckoning         Tloc           6%         N/A       43%         3
 Mephitic Cloud           Conj/Pois/Air  13%        N/A       43%         3
 Ozocubu's Armour         Ice            20%        N/A       43%         3
 Portal Projectile        Hex/Tloc       26%        N/A       43%         3
 Teleport Other           Tloc           13%        N/A       43%         3
 Tukima's Dance           Hex            13%        N/A       43%         3
 Vampiric Draining        Necr           6%         2d6       43%         3
 Animate Armour           Summ/Erth      26%        N/A       83%         4
 Cause Fear               Hex            6%         N/A       83%         4
 Dispel Undead            Necr           13%        3d9       83%         4
 Hailstorm                Conj/Ice       20%        3d6       83%         4
 Ice Form                 Ice/Tmut       20%        N/A       83%         4
 Iskenderun's Mystic Bla  Conj/Tloc      13%        2d5       83%         4
 Leda's Liquefaction      Hex/Erth       6%         N/A       83%         4
 Passage of Golubria      Tloc           N/A        N/A       83%         4
 Sticky Flame             Conj/Fire      13%        2d4       83%         4
 Summon Ice Beast         Ice/Summ       20%        N/A       83%         4
 Summon Lightning Spire   Summ/Air       13%        N/A       83%         4
 Bolt of Magma            Conj/Fire/Erth 6%         4d6       99%         5
 Borgnjor's Vile Clutch   Necr/Erth      6%         N/A       99%         5
 Excruciating Wounds      Necr           6%         N/A       99%         5
 Fireball                 Conj/Fire      6%         3d5       99%         5
 Hydra Form               Tmut           6%         N/A       99%         5
 Irradiate                Conj/Tmut      6%         3d16      99%         5
 Iskenderun's Battlesphe  Conj           13%        2d7       99%         5
 Lee's Rapid Deconstruct  Erth           6%         3d7*      99%         5
 Manifold Assault         Tloc           13%        N/A       99%         5
 Metabolic Englaciation   Hex/Ice        10%        N/A       99%         5
 Silence                  Hex/Air        6%         N/A       99%         5
 Yara's Violent Unravell  Hex/Tmut       6%         3d5       99%         5
 Conjure Ball Lightning   Conj/Air       6%         3x3d6     100%        6
 Dispersal                Tloc           6%         N/A       100%        6
 Freezing Cloud           Conj/Ice/Air   10%        6-21      100%        6
 Invisibility             Hex            13%        N/A       100%        6
 Iron Shot                Conj/Erth      6%         9d2       100%        6
 Statue Form              Tmut/Erth      8%         N/A       100%        6
 Dragon Form              Tmut           6%         N/A       100%        7
 Haunt                    Necr/Summ      6%         N/A       100%        7
 Malign Gateway           Summ/Tloc      6%         N/A       100%        7
 Monstrous Menagerie      Summ           6%         N/A       100%        7
 Orb of Destruction       Conj           6%         9d3       100%        7
 Ozocubu's Refrigeration  Ice            10%        4d7       100%        7
 Spellforged Servitor     Conj/Summ      6%         N/A       100%        7
 Summon Hydra             Summ           6%         N/A       100%        7
 Discord                  Hex            6%         N/A       100%        8
 Disjunction              Tloc           6%         N/A       100%        8
 Ignition                 Fire           6%         3d4       100%        8
 Summon Horrible Things   Summ           6%         N/A       100%        8
 Shatter                  Erth           6%         3d9*      100%        9
 Tornado                  Air            6%         N/A       100%        9
 Swiftness                Air            Unusable   N/A       N/A         3

Dungeon Overview and Level Annotations

Branches:
Dungeon (1/1)

Altars:
Ashenzari
Cheibriados
Dithmenos
Elyvilon
Fedhas
Gozag
Hepliaklqana
Kikubaaqudgha
Makhleb
Nemelex Xobeh
Okawaru
Qazlal
Ru
Sif Muna
Trog
Uskayaw
Vehumet
Wu Jian
Xom
Yredelemnul
Zin
The Shining One
Beogh
Jiyva
Lugonu


Innate Abilities, Weirdness & Mutations

You cannot be hasted, slowed, berserked, paralysed or teleported.
You can dig through walls and to a lower floor.
You have a pair of large antennae on your head. (SInv)
Your four strong arms can wield two-handed weapons with a shield.


Message History

Lom Lobon is healed.
The titan gestures wildly while chanting.
The titan is healed somewhat.
You chop Lom Lobon into pieces!!!
Lom Lobon convulses!!!
Lom Lobon is almost dead.
You are engulfed in freezing vapours.
You resist. You block the titan's attack.
Lom Lobon gestures. 2 ball lightnings come into view.
Unknown command.
You carve Lom Lobon like a ham!!!
Lom Lobon convulses!!!
You kill Lom Lobon!
Cheibriados appreciates the change of pace.
You are engulfed in freezing vapours.
You resist.
The ball lightning explodes!
The blast of lightning engulfs you but does no damage.
The blast of lightning engulfs the ball lightning.
The ball lightning completely resists.
You block the titan's attack.
You hear a hideous shriek!
You hear a shout! x3; You hear a roar!
Your Evocations skill increases to level 24!
You have reached level 23!
You feel better.
You are engulfed in freezing vapours.
You resist. The ice encasing you melts away.
The ball lightning explodes!
The blast of lightning engulfs the titan.
The titan completely resists.
The blast of lightning engulfs you but does no damage.
The blast of lightning engulfs the titan.
The titan completely resists.
The titan gestures at you while chanting.
The bolt of lightning misses you.
You feel better.
You are engulfed in freezing vapours.
You resist.
A hellion comes into view.
The titan waves its arms in wide circles.
The air twists around and strikes you!
* * * LOW HITPOINT WARNING * * *
Unknown command.
You feel better.
You are engulfed in freezing vapours.
You resist.
The titan waves its arms in wide circles.
The air twists around and strikes you!
You die...

,,,,,,,,** #..|[.[[[[..[..))!.)
,,,,,,,,,** #[.=..[.[..[(.[[..[[
,,,,,,,,{,* #)..[..|[..)}[...|.(
,,,,,,,,,,*############[#########
,,,,,,,,,,*#............[........
,,,,,,,,,,*#.....................
,,,,,,,{,,*######################
,,,,,,,,,,* ###### ### ### ###
,,,,,,,,,,* #§{#@###○###.###.####
,,,,,,,,,,**###CC.'○..#..)'...')#
,,,,,,,,,,**,*##.###)###.###.####
,,,,,,,,,****+,#2#,##'.##'.###.##
,,,,,,,,** *,,.#.,,#...#...#...#
,,,,,,,** ***{#*#.+##.'##)##).##
**++**** *{#+*,*##{#'#.#'#.#'#
**++**** **+{+**{*##.###)###.##
,,,,,,,*** *{{,+,{{#...'[..#...#


You could see 2 titans and a hellion.

Vanquished Creatures
  Asmodeus (D)
  Lom Lobon (D)
  Mnoleg (D)
  Tiamat (D)
  Khufu (D)
  2 orbs of fire (D)
  An ancient lich (D)
  Mara (D)
  3 pandemonium lords (D)
  A royal mummy (D)
  Margery (D)
  Xtahua (D)
  2 curse toes (D)
  Frederick (D)
  the Lernaean hydra (D)
  8 golden dragons (D)
  2 profane servitors (D)
  A pearl dragon (D)
  Jory (D)
  A Tzitzimitl (D)
  2 Brimstone Fiends (D)
  4 electric golems (D)
  3 Hell Sentinels (D)
  2 Ice Fiends (D)
  2 titans (D)
  A tentacled monstrosity (D)
  6 deep elf master archers (D)
  2 deep elf blademasters (D)
  12 quicksilver dragons (D)
  An eldritch tentacle (D)
  Gastronok (D)
  4 storm dragons (D)
  10 shadow dragons (D)
  A frost giant (D)
  3 draconian monks (D)
  4 nagarajas (D)
  3 fire giants (D)
  4 emperor scorpions (D)
  A draconian knight (D)
  2 ghost moths (D)
  4 deep elf sorcerers (D)
  3 balrugs (D)
  2 ghouls (D)
  A draconian shifter (D)
  4 iron dragons (D)
  An angel (D)
  22 orc warlords (D)
  A spriggan defender (D)
  2 stone giants (D)
  A vampire knight (D)
  3 deep elf annihilators (D)
  A deep elf demonologist (D)
  2 green draconians (D)
  2 black draconians (D)
  2 purple draconians (D)
  A white draconian (D)
  4 yellow draconians (D)
  A minotaur (D)
  2 red draconians (D)
  2 blizzard demons (D)
  A green death (D)
  4 deep elf death magi (D)
  An eidolon (D)
  3 ettins (D)
  2 deep elf high priests (D)
  A mummy priest (D)
  A great orb of eyes (D)
  A yaktaur captain (D)
  16 fire dragons (D)
  4 vault guards (D)
  Harold (D)
  2 boulder beetles (D)
  Erolcha (D)
  A hell beast (D)
  12 ice dragons (D)
  A naga warrior (D)
  11 hydras (D)
  2 spriggan air magi (D)
  A centaur warrior (D)
  2 ogre magi (D)
  A catoblepas (D)
  2 anacondas (D)
  2 dancing weapons (D)
  2 death knights (D)
  2 death yaks (D)
  2 spriggan berserkers (D)
  2 vampire magi (D)
  11 orc high priests (D)
  4 deep elf knights (D)
  10 hell knights (D)
  3 skeletal warriors (D)
  2 sun demons (D)
  2 fire crabs (D)
  A flayed ghost (D)
  2 cherubim (D)
  2 sixfirhies (D)
  An iron troll (D)
  A sea snake (D)
  2 spriggan druids (D)
  A phantasmal warrior (D)
  A wizard (D)
  A lindwurm (D)
  13 swamp dragons (D)
  21 orc knights (D)
  A harpy (shapeshifter) (D)
  A bog body (D)
  3 necromancers (D)
  Pikel (D)
  9 orc sorcerers (D)
  A wolf spider (D)
  An orb spider (shapeshifter) (D)
  A cyclops (D)
  A manticore (D)
  An elephant (shapeshifter) (D)
  5 elephants (D)
  2 rust devils (D)
  A moth of wrath (D)
  An eye of devastation (D)
  An orange demon (D)
  A molten gargoyle (D)
  3 gargoyles (D)
  Maurice (D)
  A cane toad (D)
  2 hellions (D)
  A yaktaur (D)
  3 kobold demonologists (D)
  An efreet (D)
  A tormentor (D)
  An ice devil (D)
  An unseen horror (D)
  A red devil (D)
  3 trolls (D)
  2 wandering mushrooms (D)
  A polar bear (D)
  A wind drake (D)
  A merfolk (D)
  A snapping turtle (D)
  2 redbacks (D)
  A shadow (D)
  2 wraiths (D)
  A wyvern (D)
  A spriggan (D)
  A tarantella (D)
  5 yaks (D)
  A human (shapeshifter) (D)
  A chaos spawn (D)
  A golden eye (D)
  A water elemental (D)
  A fire elemental (D)
  A large abomination (D)
  3 steam dragons (D)
  3 wargs (D)
  A water moccasin (D)
  Duvessa (D)
  2 sky beasts (D)
  9 orc warriors (D)
  A black bear (D)
  2 centaurs (D)
  A necrophage (D)
  An ogre (D)
  2 kobold brigands (D)
  Blork the orc (D)
  A gnoll sergeant (D)
  Dowan (D)
  A quasit (D)
  A jelly (D)
  2 orc priests (D)
  A hound (D)
  An iguana (D)
  4 orc wizards (D)
  2 mummies (D)
  3 adders (D)
  7 gnolls (D)
  An adder zombie (D)
  An adder simulacrum (D)
  13 orcs (D)
  A ball python (D)
  2 bats (D)
  2 endoplasms (D)
  2 hobgoblins (D)
  5 kobolds (D)
  A quokka (D)
  A giant cockroach simulacrum (D)
  A jackal skeleton (D)
  2 quokka skeletons (D)
  2 rats (D)
480 creatures vanquished.

Vanquished Creatures (collateral kills)
  An eidolon (D)
1 creature vanquished.

Vanquished Creatures (others)
  Purgy (D)
  9 ball lightnings (D)
10 creatures vanquished.

Grand Total: 491 creatures vanquished

Notes
Turn   | Place    | Note
-------+----------+-------------------------------------------
     0 | D        | rocky1 the Formicid Fighter began the quest for the Orb.
     0 | D        | Reached XP level 1. HP: 18/18 MP: 1/1
   248 | D        | Found a bloodstained altar of Trog.
   248 | D        | Found a shimmering blue altar of Sif Muna.
   248 | D        | Found a viscous altar of Jiyva.
   248 | D        | Found a hazy altar of Hepliaklqana.
   248 | D        | Found an opulent altar of Gozag.
   249 | D        | Found a glowing golden altar of the Shining One.
   249 | D        | Found a glowing silver altar of Zin.
   249 | D        | Found a basalt altar of Yredelemnul.
   249 | D        | Found a shimmering altar of Xom.
   249 | D        | Found an ornate altar of the Wu Jian Council.
   249 | D        | Found a sacrificial altar of Ru.
   249 | D        | Found a stormy altar of Qazlal.
   249 | D        | Found an iron altar of Okawaru.
   249 | D        | Found a sparkling altar of Nemelex Xobeh.
   249 | D        | Found a burning altar of Makhleb.
   249 | D        | Found a blossoming altar of Fedhas.
   249 | D        | Found a white marble altar of Elyvilon.
   249 | D        | Found a shadowy altar of Dithmenos.
   249 | D        | Found a snail-covered altar of Cheibriados.
   253 | D        | Found a corrupted altar of Lugonu.
   253 | D        | Found a radiant altar of Vehumet.
   254 | D        | Found a broken altar of Ashenzari.
   254 | D        | Found an ancient bone altar of Kikubaaqudgha.
   254 | D        | Found a hide-covered altar of Uskayaw.
   260 | D        | Became a worshipper of Cheibriados the Contemplative
   311 | D        | Reached skill level 5 in Shields
   311 | D        | Reached XP level 2. HP: 12/24 MP: 2/2
   318 | D        | Reached * piety under Cheibriados
   465 | D        | Reached ** piety under Cheibriados
   466 | D        | Reached XP level 3. HP: 23/29 MP: 3/3
   644 | D        | Reached skill level 5 in Axes
   764 | D        | Reached *** piety under Cheibriados
   834 | D        | Reached **** piety under Cheibriados
   841 | D        | Reached XP level 4. HP: 35/35 MP: 4/4
   844 | D        | Noticed Purgy
   844 | D        | Noticed Blork the orc
   852 | D        | Killed Purgy
   853 | D        | Reached XP level 5. HP: 26/41 MP: 4/7
   856 | D        | Killed Blork the orc
   857 | D        | Reached skill level 5 in Invocations
   873 | D        | Noticed Pikel
   876 | D        | Killed Pikel
   876 | D        | Reached ***** piety under Cheibriados
   877 | D        | Reached XP level 6. HP: 35/47 MP: 7/13
   877 | D        | Reached XP level 7. HP: 39/52 MP: 7/14
   879 | D        | Noticed a flayed ghost
   890 | D        | Killed a flayed ghost
   891 | D        | Reached skill level 10 in Axes
   891 | D        | Reached XP level 8. HP: 35/58 MP: 9/16
  1022 | D        | Reached skill level 1 in Dodging
  1085 | D        | Noticed Duvessa
  1085 | D        | Noticed Dowan
  1085 | D        | Noticed Maurice
  1087 | D        | Killed Dowan
  1087 | D        | Killed Duvessa
  1087 | D        | Reached ****** piety under Cheibriados
  1088 | D        | Reached XP level 9. HP: 67/67 MP: 6/17
  1088 | D        | Killed Maurice
  1089 | D        | Reached skill level 5 in Fighting
  1089 | D        | Reached skill level 5 in Armour
  1233 | D        | Noticed Harold
  1256 | D        | Killed Harold
  1257 | D        | Reached skill level 5 in Dodging
  1439 | D        | Noticed a death yak
  1439 | D        | Noticed a death yak
  1439 | D        | Noticed a bog body
  1442 | D        | Reached XP level 10. HP: 80/80 MP: 13/19
  1442 | D        | Killed a bog body
  1447 | D        | Killed a death yak
  1450 | D        | Killed a death yak
  1517 | D        | Noticed a kobold demonologist
  1518 | D        | Noticed a smoke demon
  1521 | D        | Killed a kobold demonologist
  1525 | D        | Noticed an eidolon
  1525 | D        | Noticed a manticore
  1525 | D        | Noticed a kobold demonologist
  1531 | D        | Noticed an ice devil
  1531 | D        | Killed a manticore
  1531 | D        | Noticed a smoke demon
  1532 | D        | Reached skill level 10 in Fighting
  1532 | D        | Reached skill level 10 in Armour
  1532 | D        | Reached XP level 11. HP: 63/91 MP: 14/20
  1538 | D        | Killed an eidolon
  1804 | D        | Noticed Gastronok
  1820 | D        | Killed Gastronok
  1959 | D        | Noticed a boulder beetle
  1959 | D        | Noticed a phantasmal warrior
  1962 | D        | Noticed a harpy
  1965 | D        | Killed a harpy
  1966 | D        | Reached skill level 10 in Dodging
  1966 | D        | Killed a phantasmal warrior
  1966 | D        | Killed a boulder beetle
  1967 | D        | Reached skill level 15 in Axes
  1967 | D        | Reached XP level 12. HP: 89/103 MP: 10/21
  2013 | D        | Got the Disquisition on Transmutation
  2142 | D        | Noticed Erolcha
  2169 | D        | Killed Erolcha
  2302 | D        | Noticed an orc high priest
  2302 | D        | Noticed a fire crab
  2307 | D        | Killed a fire crab
  2310 | D        | Killed an orc high priest
  2442 | D        | Noticed an eidolon
  2453 | D        | Killed an eidolon
  2660 | D        | Noticed a spriggan druid
  2667 | D        | Killed a spriggan druid
  2865 | D        | Noticed a balrug
  2865 | D        | Noticed a stone giant
  2865 | D        | Noticed an emperor scorpion
  2865 | D        | Noticed a sea snake
  2865 | D        | Noticed a nagaraja
  2868 | D        | Killed a balrug
  2868 | D        | Killed a sea snake
  2869 | D        | Reached XP level 13. HP: 114/114 MP: 6/22
  2869 | D        | Killed a stone giant
  2870 | D        | Reached skill level 15 in Fighting
  2870 | D        | Reached skill level 15 in Armour
  2885 | D        | Killed an emperor scorpion
  2896 | D        | Killed a nagaraja
  2903 | D        | Got Delept's Guide on Igneous Envenoming
  3116 | D        | Got the +10 hand crossbow of Big Damage {penet, rElec rN+
                  | rCorr Int-4}
  3249 | D        | Noticed a great orb of eyes
  3250 | D        | Noticed a catoblepas
  3258 | D        | Killed a great orb of eyes
  3259 | D        | Noticed a boulder beetle
  3273 | D        | Killed a boulder beetle
  3298 | D        | Killed a catoblepas
  3505 | D        | Noticed a vampire knight
  3506 | D        | Identified the +1 buckler of Woeb {+Blink Str-5 Dex+4
                  | Slay+4}
  3506 | D        | Noticed a red draconian
  3523 | D        | Killed a vampire knight
  3539 | D        | Killed a red draconian
  3559 | D        | Reached XP level 14. HP: 37/126 MP: 23/23
  3856 | D        | Noticed a minotaur
  3856 | D        | Noticed an emperor scorpion
  3871 | D        | Killed an emperor scorpion
  3871 | D        | Killed a minotaur
  3985 | D        | Noticed an orc warlord
  4013 | D        | HP: 5/128 [orc knight/+0 great sword (24)]
  4278 | D        | Killed an orc warlord
  4306 | D        | Noticed an orc warlord
  4322 | D        | Killed an orc warlord
  4359 | D        | Reached skill level 15 in Shields
  4389 | D        | Noticed a storm dragon
  4402 | D        | Killed a storm dragon
  4403 | D        | Reached skill level 15 in Dodging
  4403 | D        | Reached skill level 5 in Stealth
  4514 | D        | Noticed a white draconian
  4522 | D        | Killed a white draconian
  4533 | D        | Got the +5 scale mail of Syndicalism {+Inv Dex+2}
  4765 | D        | Noticed a yellow draconian
  4767 | D        | Noticed an angel
  4770 | D        | Noticed a white draconian monk
  4774 | D        | Killed an angel
  4775 | D        | Killed a yellow draconian
  4776 | D        | Reached skill level 15 in Invocations
  4776 | D        | Reached XP level 15. HP: 51/136 MP: 13/26
  4782 | D        | Killed a white draconian monk
  5073 | D        | Noticed a white draconian monk
  5078 | D        | Noticed a nagaraja
  5091 | D        | Killed a white draconian monk
  5095 | D        | Killed a nagaraja
  5442 | D        | Noticed a nagaraja
  5453 | D        | Killed a nagaraja
  5544 | D        | Reached skill level 10 in Stealth
  5553 | D        | Noticed a deep elf sorcerer
  5562 | D        | Killed a deep elf sorcerer
  5583 | D        | Noticed a deep elf sorcerer
  5587 | D        | Noticed a red draconian knight
  5587 | D        | Noticed a deep elf sorcerer
  5588 | D        | Killed a deep elf sorcerer
  5593 | D        | Killed a red draconian knight
  5593 | D        | Killed a deep elf sorcerer
  5609 | D        | Noticed a deep elf sorcerer
  5612 | D        | Got the Incunabulum of Quantum Curses
  5617 | D        | Killed a deep elf sorcerer
  5622 | D        | Got the Collected Works on Dusty Displacement
  5627 | D        | Got the Handbook of Displaced Venom
  5636 | D        | Got A Thorough Guide to the Arcane Arts
  5805 | D        | Got the ring of Wisdom {*Corrode +Blink Will+ Int+6}
  5807 | D        | Got the ring of Her Hao {*Slow rElec rPois Int+6}
  5809 | D        | Got the ring "Fyol" {Fly rC+++ Will+ AC+6 Dex-3}
  5811 | D        | Got the ring of Bich {Ice rPois}
  5813 | D        | Got the ring of the Dragon {rPois rC+ Will+ Int+3}
  5816 | D        | Got the ring "Cabarch" {Fly rCorr Str+6 Int+4}
  5818 | D        | Got the ring of the Empty Page {Int+6 Slay+2}
  5820 | D        | Got the ring of Useij {Drain rPois Dex+2 SInv}
  5822 | D        | Got the ring "Guss" {Ice Int+5 Dex-3}
  5824 | D        | Got the ring "Karoujyfe" {rF+ SInv}
  5826 | D        | Got the ring "Ykoera" {rPois AC+6}
  5829 | D        | Got the ring "Fiugriass" {Fire Will++ Str+3}
  5831 | D        | Got the ring "Pineusiu" {rF+ rC+ Will- Int+7}
  5833 | D        | Got the ring "Onockuv" {Ice rN+ Will+ Str+3 Dex-5}
  5865 | D        | Got the amulet "Dexiciol" {RegenMP Str-5 Dex+7}
  5867 | D        | Got the amulet "Feuruap" {RegenMP *Slow rPois Str+4}
  5869 | D        | Got the amulet of Weboywoh {Spirit rF+++ Dex-5 Slay+4
                  | Stlth-}
  5871 | D        | Got the amulet "Netust" {RegenMP Harm Drain +Blink Str+2
                  | Dex+3}
  5874 | D        | Got the ring "Wotus" {rC- rN+ rCorr Dex+6}
  5877 | D        | Got the amulet of Egraaph {RegenMP Harm rElec Regen+ Int-4}
  5879 | D        | Got the ring "Gicvui Juun" {rF+ Str+5 Dex+6}
  5881 | D        | Got the amulet "Reoc Yss" {Acrobat rPois rCorr}
  5884 | D        | Got the amulet "Juugeufi" {Regen+ Str+2}
  5886 | D        | Got the ring of the Queen {rC+ rN+ rCorr}
  5889 | D        | Got the ring of Tinoh {rPois Stlth+}
  5891 | D        | Got the amulet of Venubeut {rN+++ Regen+ rCorr Int-2
                  | Stlth-}
  6010 | D        | Noticed an emperor scorpion
  6036 | D        | Killed an emperor scorpion
  6107 | D        | Noticed a spriggan defender
  6112 | D        | Noticed a ghost moth
  6116 | D        | Noticed an emperor scorpion
  6117 | D        | Killed a spriggan defender
  6118 | D        | Reached XP level 16. HP: 148/148 MP: 0/28
  6119 | D        | Noticed a nagaraja
  6147 | D        | Killed a nagaraja
  6454 | D        | Identified the +10 longbow "Quir Noth" {vorpal, rC+}
  6655 | D        | Noticed a fire giant
  6660 | D        | Killed a fire giant
  6681 | D        | Identified the ring of Propriety {Wiz *Corrode rPois Will+
                  | Int+5}
  6687 | D        | Noticed a profane servitor
  6696 | D        | Killed a profane servitor
  6726 | D        | Noticed a deep elf blademaster
  6726 | D        | Identified the ring "Laham" {*Slow rCorr EV+4 Str+2 Dex+3}
  6726 | D        | Noticed a green draconian monk
  6730 | D        | Reached skill level 15 in Stealth
  6733 | D        | Killed a deep elf blademaster
  6748 | D        | Killed a green draconian monk
  7005 | D        | Noticed Jory
  7022 | D        | Killed Jory
  7071 | D        | Noticed a deep elf master archer
  7080 | D        | Noticed a deep elf master archer
  7085 | D        | Killed a deep elf master archer
  7086 | D        | Reached XP level 17. HP: 126/162 MP: 25/30
  7097 | D        | Killed a deep elf master archer
  7368 | D        | Got the Compendium of Icy Sinister Magic
  7436 | D        | Found the +15 Maxwell's patent armour {-Cast -Tele rElec
                  | Will+ rCorr}
  7436 | D        | Found the +1 cloak of Starlight {*Dazzle EV+4 Stlth--}
  7573 | D        | Reached skill level 5 in Long Blades
  7573 | D        | Reached skill level 5 in Staves
  7573 | D        | Reached skill level 5 in Crossbows
  7582 | D        | Reached XP level 18. HP: 90/173 MP: 12/31
  7963 | D        | Got a silver rune of Zot
  7983 | D        | Got the ring "Wycvo" {Fly rElec rF+}
  8001 | D        | Got Qefaxaa's Advanced Guide to Witchery
  8275 | D        | Noticed an electric golem
  8283 | D        | Killed an electric golem
  9002 | D        | Noticed an ancient lich
  9019 | D        | Killed an ancient lich
  9020 | D        | Reached skill level 10 in Long Blades
  9020 | D        | Reached skill level 10 in Staves
  9020 | D        | Reached skill level 10 in Crossbows
  9135 | D        | Noticed a Brimstone Fiend
  9142 | D        | Killed a Brimstone Fiend
  9417 | D        | Noticed Khufu
  9417 | D        | Noticed a royal mummy
  9430 | D        | Killed a royal mummy
  9449 | D        | Killed Khufu
  9951 | D        | Noticed Xtahua
  9957 | D        | Killed Xtahua
  9960 | D        | Noticed an orb of fire
  9970 | D        | Killed an orb of fire
  9973 | D        | Noticed Frederick
  9982 | D        | Killed Frederick
  9983 | D        | Reached XP level 19. HP: 135/184 MP: 25/32
 10109 | D        | Noticed a Hell Sentinel
 10118 | D        | Killed a Hell Sentinel
 10471 | D        | Noticed a tentacled monstrosity
 10474 | D        | Noticed a profane servitor
 10484 | D        | Noticed Mnoleg
 10487 | D        | Killed a profane servitor
 10491 | D        | Killed a tentacled monstrosity
 10495 | D        | Killed Mnoleg
 10685 | D        | Noticed Bagraah the pandemonium lord
 10731 | D        | Killed Bagraah the pandemonium lord
 10732 | D        | Reached skill level 15 in Long Blades
 11090 | D        | Noticed Luocoase the pandemonium lord
 11094 | D        | Noticed the 27-headed Lernaean hydra
 11106 | D        | Killed the 22-headed Lernaean hydra
 11107 | D        | Reached skill level 27 in Fighting
 11111 | D        | Noticed a curse toe
 11116 | D        | Reached XP level 20. HP: 29/197 MP: 4/33
 11118 | D        | Killed Luocoase the pandemonium lord
 11138 | D        | HP: 7/197 [deathcap/drain life[a curse toe] (12)]
 11139 | D        | Killed a curse toe
 11714 | D        | Got the ring "Tasetry" {rCorr AC+4 Slay+5}
 11716 | D        | Got the ring of Plog {rCorr Str+3 Slay+3 SInv}
 11718 | D        | Got the ring "Fuirph" {Wiz Dex+6}
 11720 | D        | Got the amulet "Ewal" {Spirit Dex+3 Slay+3}
 11722 | D        | Got the ring of the Ant {rN+ Int+6 Slay-5}
 11724 | D        | Got the ring of Wubou {rElec rF+ Will+}
 11726 | D        | Got the amulet "Erhuh Kuonei" {Spirit Rampage}
 11728 | D        | Got the ring "Koiroas" {rPois rC+ rN+ Str+2}
 11752 | D        | Noticed Mara
 11754 | D        | Noticed a curse toe
 11758 | D        | Noticed a Brimstone Fiend
 11761 | D        | Noticed a Hell Sentinel
 11763 | D        | Reached skill level 27 in Shields
 11763 | D        | Noticed rocky1's illusion
 11779 | D        | Killed a curse toe
 11780 | D        | Reached skill level 27 in Armour
 11780 | D        | Noticed rocky1's illusion
 11791 | D        | Killed Mara
 12315 | D        | Noticed a golden dragon
 12315 | D        | Noticed a golden dragon
 12315 | D        | Noticed a golden dragon
 12316 | D        | Noticed a golden dragon
 12321 | D        | Killed a golden dragon
 12321 | D        | Noticed a golden dragon
 12327 | D        | Killed a golden dragon
 12328 | D        | Noticed a golden dragon
 12328 | D        | Noticed a golden dragon
 12331 | D        | Noticed a golden dragon
 12332 | D        | Reached XP level 21. HP: 123/204 MP: 22/34
 12332 | D        | Killed a golden dragon
 12334 | D        | Killed a golden dragon
 12335 | D        | Killed a golden dragon
 12335 | D        | Killed a golden dragon
 12336 | D        | Reached skill level 27 in Axes
 12336 | D        | Reached skill level 27 in Dodging
 12338 | D        | Killed a golden dragon
 12338 | D        | Killed a golden dragon
 12344 | D        | Reached skill level 10 in Spellcasting
 12364 | D        | Reached skill level 15 in Crossbows
 12674 | D        | Got the ring of Zaicatt {*Corrode rPois rF+ Dex+6}
 12676 | D        | Got the ring of Xom's Ringing Laughter {Ice rElec rN+}
 12700 | D        | Got the Disquisition on Icy Poison
 12722 | D        | Got the amulet of Matz {RegenMP rF+ rN+ Int+4}
 12724 | D        | Got the ring of Igeiredee {Will+ MP+9}
 12728 | D        | Got the Grimoire of the Twisted Mountains
 12734 | D        | Got the ring of Lytt {Fly Dex+3}
 12763 | D        | Got a golden rune of Zot
 12931 | D        | Noticed a pearl dragon
 12934 | D        | Killed a pearl dragon
 12935 | D        | Reached XP level 22. HP: 205/212 MP: 37/37
 12936 | D        | Noticed Foco the pandemonium lord
 12939 | D        | Killed Foco the pandemonium lord
 12940 | D        | Reached skill level 10 in Evocations
 13763 | D        | Noticed Margery
 13770 | D        | Killed Margery
 13771 | D        | Reached skill level 15 in Evocations
 13996 | D        | Noticed an orb of fire
 14006 | D        | Killed an orb of fire
 14013 | D        | Found the +4 dragonskin cloak
 14013 | D        | Noticed Tiamat
 14030 | D        | Killed Tiamat
 15077 | D        | Found the +7 sceptre of Asmodeus
 15077 | D        | Noticed Asmodeus
 15097 | D        | Killed Asmodeus
 15496 | D        | Noticed Lom Lobon
 15570 | D        | HP: 9/212 [Lom Lobon/great icy blast (10)]
 15574 | D        | Killed Lom Lobon
 15575 | D        | Reached XP level 23. HP: 10/219 MP: 0/38
 15577 | D        | Killed from afar by a titan

Illustrated notes

Levels and vault maps discovered:
D:        pitsprint [storerooms_1, entrance_room_1, metal_vault_3, armoury_1,
          mini_pit_1, grid_room_1, main_hall_1, silver_pit, the_coven_1,
          the_vestibule_1, steel_vault_2, golden_pit, hallway_of_sentries,
          crystal_vault_2, iron_vault_2, final_vault]

Skill      XL: |  1  2  3  4  5  6  7  8  9 10 11 12 13 14 15 16 17 18 19 20 21 22 |
---------------+-------------------------------------------------------------------+-----
Shields        | 5 7 8 11 12 13 15 17 19 21 23 26 27 | 27.0
Axes           | 3 4 5 6 9 10 11 12 13 15 16 17 19 20 21 24 27 | 27.0
Invocations    | 3 9 11 12 15 17 19 22 | 22.0
Dodging        | 2 5 8 10 12 14 15 16 18 19 20 22 25 27 | 27.0
Fighting       | 4 7 10 12 14 16 18 19 22 23 25 27 | 27.0
Armour         | 4 7 10 12 14 16 18 19 20 22 23 26 27 | 27.0
Stealth        | 7 12 16 18 20 | 20.6
Long Blades    | 8 12 16 21 24 | 24.0
Staves         | 8 12 14 | 14.0
Crossbows      | 8 11 16 25 | 25.7
Spellcasting   | 10 | 10.9
Evocations     | 8 24 | 24.2

Action                   |  1- 3 |  4- 6 |  7- 9 | 10-12 | 13-15 | 16-18 | 19-21 | 22-24 || total
-------------------------+-------+-------+-------+-------+-------+-------+-------+-------++-------
Melee: Hand axe          |    38 |    10 |    29 |       |       |       |       |       ||    77
       War axe           |     5 |       |    25 |   135 |   287 |    23 |    17 |       ||   492
       Battleaxe         |       |       |       |       |   122 |   215 |    90 |       ||   427
       Triple sword      |       |       |       |       |       |    15 |    31 |    23 ||    69
       Executioner's axe |       |       |       |       |       |       |    58 |   133 ||   191
Invok: Slouch            |       |       |     4 |    11 |    22 |    11 |    28 |     2 ||    78
       Bend Time         |       |       |       |       |     1 |       |       |       ||     1
  Use: Potion            |       |     2 |       |     1 |     8 |     5 |    23 |     8 ||    47
       Scroll            |       |       |       |     2 |     1 |    10 |     2 |     1 ||    16
 Stab: Invisible         |       |     2 |       |       |    21 |     1 |     5 |       ||    29
       Distracted        |       |       |       |       |     1 |       |       |       ||     1
Armor: Scale mail        |    21 |     4 |     5 |       |       |       |       |       ||    30
       Plate armour      |       |       |     7 |    29 |    85 |    77 |    47 |       ||   245
       Skin              |       |       |       |       |       |       |     3 |       ||     3
       Gold dragon scale |       |       |       |       |       |       |    26 |    62 ||    88
Dodge: Dodged            |    13 |     8 |    25 |    58 |   172 |    75 |   163 |    75 ||   589
Block: Kite shield       |    30 |     6 |    36 |    92 |   207 |       |       |       ||   371
       Tower shield      |       |       |       |       |   151 |   297 |   319 |   156 ||   923
       Reflection        |       |       |       |       |       |     1 |    13 |     6 ||    20
       Rpst.: Triple sword |       |       |       |       |       |     1 |     5 |     1 ||     7

Table legend: (Time is in decaauts) A = Elapsed time spent in this place. B = Non-inter-level travel time spent in this place. C = Inter-level travel time spent in this place. D = Time resting spent in this place. E = Time spent auto-exploring this place. F = Levels seen in this place. G = Mean time per level. A B C D E F G +--------+--------+--------+--------+--------+-----+--------+ Total | 18859 | 18408 | 451 | 9708 | 88 | 1 | 18859.0 | Dungeon | 18859 | 18408 | 451 | 9708 | 88 | 1 | 18859.0 | +--------+--------+--------+--------+--------+-----+--------+

Top non-repeatable levels by time:
       D: 18859 daAuts
